 Dungeon Crawl Stone Soup version 0.21-a0-621-gc60411f (webtiles) character file.

6 Amnesiac the Insei (level 1, -1/13 HPs)
             Began as an Octopode Transmuter on Dec 23, 2017.
             Slain by a hobgoblin
             ... wielding a +0 club
              (4 damage)
             ... on level 1 of the Dungeon.
             The game lasted 00:00:09 (90 turns).

Amnesiac the Insei (Octopode Transmuter)              Turns: 90, Time: 00:00:10

Health: -1/13      AC:  1    Str:  9    XL:     1   Next: 90%
Magic:  3/3        EV: 13    Int: 15    God:
Gold:   0          SH:  0    Dex: 12    Spells: 3/4 levels left

rFire    . . .     SeeInvis .     - Unarmed
rCold    . . .     Gourm    .   (no shield)
rNeg     . . .     Faith    .   (helmet restricted)
rPois    .         Spirit   .   (no amulet)
rElec    .         Reflect  .   (no ring)
rCorr    .         Harm     .   (no ring)
MR       .....                  (no ring)
Stlth    ++........             (no ring)
HPRegen  0.04/turn              (no ring)
MPRegen  0.08/turn              (no ring)
                                (no ring)
                                (no ring)

@: no status effects
A: almost no armour, stealthy swim, amphibious, 8 rings, constrict 8, camouflage
1, gelatinous body 1
a: no special abilities


You were on level 1 of the Dungeon.
You were not hungry.

You visited 1 branch of the dungeon, and saw 1 of its levels.

Inventory:

Missiles
 a - 12 arrows
Scrolls
 e - a scroll of identify {!r, unknown}
Potions
 d - a potion of curing {!q, unknown}
Books
 b - a book of Changes

   Spells                             Type                      Level
   a - Beastly Appendage              Transmutation                1
   b - Sticks to Snakes               Transmutation                2
   c - Spider Form                    Transmutation/Poison         3
   d - Ice Form                       Ice/Transmutation            4
   e - Blade Hands                    Transmutation                5
Comestibles
 c - 3 rations


   Skills:
 + Level 1.4 Fighting
 - Level 2.0 Dodging
 - Level 3.0 Unarmed Combat
 - Level 2.0 Spellcasting
 + Level 2.3 Transmutations


You had 3 spell levels left.
You knew the following spells:

 Your Spells              Type           Power        Failure   Level  Hunger
a - Beastly Appendage     Tmut           #.....       9%          1    #......


Dungeon Overview and Level Annotations

Branches:
Dungeon (1/15)

Altars:


Innate Abilities, Weirdness & Mutations

You cannot wear most types of armour.
You are very stealthy in the water. (Stealth+)
You are amphibious.
You can wear up to eight rings at the same time.
You can use your tentacles to constrict eight enemies at once.
Your skin changes colour to match your surroundings (Stealth+).
Your rubbery body absorbs attacks. (AC +1, EV +1)


Message History

A goblin is nearby!
The goblin shouts!
A goblin is nearby!
You closely miss the goblin. You grab the goblin. You constrict the goblin.
A goblin is nearby!
You tentacle-slap the goblin.
The goblin is heavily wounded.
You constrict the goblin.
You kill the goblin!
There is a stone staircase leading down here.
d - a red potion {!q} No target in view!
A giant cockroach comes into view.
You see here a pair of gloves.
A giant cockroach is nearby!
Found a ration.
A giant cockroach is nearby!
A giant cockroach is nearby!
The giant cockroach barely misses you.
You see here a ration.
A giant cockroach is nearby!
You barely miss the giant cockroach. You squeeze the giant cockroach.
The giant cockroach is almost dead.
The giant cockroach bites you.
A giant cockroach is nearby!
You barely miss the giant cockroach.
The giant cockroach is almost dead.
The giant cockroach bites you but does no damage.
A giant cockroach is nearby!
You tentacle-slap the giant cockroach.
You kill the giant cockroach!
c - 2 rations (gained 1)
Found 29 stones.
No target in view!
c - 3 rations (gained 1)
e - a scroll labeled ZONAABE DUFEI {!r} No target in view!
HP restored.
A rat comes into view.
A hobgoblin and a dart slug come into view.
Found a dagger.
There are monsters nearby!
You tentacle-slap the rat.
You kill the rat!
There are monsters nearby!
The dart slug completely misses you.
You tentacle-slap the dart slug. You grab the dart slug.
The dart slug is heavily wounded.
You constrict the dart slug, but do no damage.
The dart slug barely misses you.
You tentacle-slap the dart slug.
The dart slug is almost dead.
You constrict the dart slug.
The hobgoblin shouts!
You tentacle-slap the dart slug.
You kill the dart slug!
The hobgoblin hits you with a club.
You see here a dart slug corpse.
You barely miss the hobgoblin. The hobgoblin hits you with a club.
* * * LOW HITPOINT WARNING * * *
You tentacle-slap the hobgoblin.
The hobgoblin is moderately wounded.
The hobgoblin hits you with a club.
You die...

#########
........#
..).....#
........#
.......g#
.......@#
######..# ##.#
###.#####.
#..........
##.##.####.#
########.........
.................
########..###.##.#


You could see a hobgoblin.

Vanquished Creatures
  A dart slug (D:1)
  A giant cockroach (D:1)
  A goblin (D:1)
  A rat (D:1)
4 creatures vanquished.

Notes
Turn   | Place    | Note
-------+----------+-------------------------------------------
     0 | D:1      | Amnesiac the Octopode Transmuter began the quest for the Orb.
     0 | D:1      | Reached XP level 1. HP: 13/13 MP: 3/3
    90 | D:1      | Slain by a hobgoblin

Vault maps used:
D:1:      dpeg_arrival_another_circle, minivault_14

Action                   || total
-------------------------++-------
Melee: Unarmed           ||    11
       Constrict         ||     2
       Tentacles         ||     1
Armor: Skin              ||     1
Dodge: Dodged            ||     3

Table legend:
 A = Spawn XP
 B = Non-spawn XP
 C = Spawn XP percentage of total XP
 D = Spawn monster count
 E = Non-spawn monster count
 F = Spawn count percentage of total count
 G = Total turns spent on level
                    A         B        C        D         E        F      G
               +---------+---------+-------+---------+---------+-------+---------
         Total |       0 |       9 |   0.0 |       0 |       4 |   0.0 |    90
               +---------+---------+-------+---------+---------+-------+---------
           D:1 |       0 |       9 |   0.0 |       0 |       4 |   0.0 |    90
               +---------+---------+-------+---------+---------+-------+---------
